 Dungeon Crawl Stone Soup version 0.22-a0-458-gb446440 (webtiles) character file.

120116 namelastname112 the Black Belt (level 16, -13/128 (129) HPs)
             Began as a Yellow Draconian Transmuter on June 8, 2018.
             Was the Champion of Ru.
             Killed by the air
             ... invoked by a spriggan air mage
              (24 damage)
             ... in a wizard's laboratory on June 9, 2018.
             The game lasted 01:00:48 (32128 turns).

namelastname112 the Black Belt (DrTm)              Turns: 32128, Time: 01:00:49

HP:   -13/128 (129) AC: 16    Str: 13    XL:     16   Next: 29%
MP:   16/31         EV: 24    Int: 23    God:    Ru [******]
Gold: 3068          SH:  0    Dex: 17    Spells: 21/38 levels left

rFire    . . .     SeeInvis +     - Unarmed
rCold    . . .     Gourm    .   (shield currently unavailable)
rNeg     . . .     Faith    .   (armour unavailable)
rPois    .         Spirit   .   m - +2 hat
rElec    .         Reflect  .   z - +2 cloak of the Thief {+Fog Slay-2 SInv Stlth+}
rCorr    +         Harm     .   (gloves currently unavailable)
MR       +....     Rnd*Rage +   B - +1 pair of boots {run}
Stlth    ..........             (no amulet)
HPRegen  0.31/turn              p - +6 ring of intelligence
MPRegen  0.22/turn              g - +4 ring of evasion

@: lethally poisoned (-13 -> -29), exhausted, about to teleport, blade hands,
very slightly contaminated, hasted and slowed, drained, quick
A: spit acid, acid resistance, unfitting armour, antennae 1, berserk 1, clever
1, frail 1, screaming 1, wild magic 1, acidic bite, cold-blooded, no stealth,
inability to use devices, hated by all, AC +9
a: Breathe Acid, End Transformation, Draw Out Power, Power Leap, Apocalypse,
Renounce Religion


You were in a wizard's laboratory.
You worshipped Ru.
Ru was exalted by your worship.
You were not hungry.
You had blades for hands.
You visited 5 branches of the dungeon, and saw 26 of its levels.
You also visited: Labyrinth and Wizlab.

You collected 3590 gold pieces.
You spent 522 gold pieces at shops.

Inventory:

Hand Weapons
 d - a +2 short sword of freezing
Missiles
 a - 882 arrows
Armour
 m - a +2 hat (worn)
 v - a +0 cloak of magic resistance
 y - a +0 pair of gloves (melded)
 z - the +2 cloak of the Thief (worn) {+Fog Slay-2 SInv Stlth+}
   (You found it on level 2 of the Lair of Beasts)

   It affects your accuracy and damage with ranged weapons and melee attacks
   (-2).
   It lets you see invisible.
   It makes you more stealthy.
 B - a +1 pair of boots of running (worn)
Jewellery
 g - a +4 ring of evasion (right scythe-like blade)
 l - an uncursed ring of protection from fire
 p - a +6 ring of intelligence (left scythe-like blade)
 t - an uncursed ring of poison resistance
 E - an uncursed ring of see invisible
Scrolls
 b - 2 scrolls of magic mapping
 e - 3 scrolls of enchant weapon
 i - 3 scrolls of immolation
 j - 9 scrolls of teleportation
 k - 10 scrolls of remove curse
 n - 14 scrolls of identify
 u - 4 scrolls of fog
 w - 2 scrolls of fear
 C - 3 scrolls of blinking
 D - 2 scrolls of enchant armour
 H - 3 scrolls of amnesia
Potions
 f - a potion of agility
 h - 8 potions of flight
 o - a potion of ambrosia
 q - 7 potions of curing
 r - 2 potions of lignification
 s - 2 potions of berserk rage
 x - 2 potions of cancellation
 A - a potion of haste
 I - a potion of might
 N - a potion of magic
Comestibles
 c - 18 rations


   Skills:
 + Level 13.2(12.1) Fighting
 + Level 11.6(10.5) Dodging
 + Level 16.0(14.9) Unarmed Combat
 + Level 11.6(10.5) Spellcasting
 * Level 3.4(2.5) Charms
 + Level 12.5(11.5) Transmutations


You had 21 spell levels left.
You knew the following spells:

 Your Spells              Type           Power        Failure   Level  Hunger
b - Ice Form              Ice/Tmut       ######..     41%         4    #......
c - Spider Form           Tmut/Pois      ######....   26%         3    None
d - Regeneration          Chrm/Necr      ###.......   54%         3    None
s - Blade Hands           Tmut           ######....   24%         5    ####...
x - Sticks to Snakes      Tmut           ######..     10%         2    None

Your spell library contained the following spells:

 Spells                   Type           Power        Failure   Level  Hunger
 Cause Fear               Hex            ###.......   90%         4    #......
 Conjure Flame            Conj/Fire      ###.....     65%         3    None
 Lightning Bolt           Conj/Air       ###.......   99%         5    ####...
 Slow                     Hex            ###.....     52%         2    None
 Confuse                  Hex            ###.....     65%         3    None
 Throw Frost              Conj/Ice       ###...       52%         2    None
 Freezing Cloud           Conj/Ice/Air   ###.......   100%        6    ######.
 Mephitic Cloud           Conj/Pois/Air  ###.....     65%         3    None
 Ring of Flames           Chrm/Fire      ###.......   100%        7    #######
 Venom Bolt               Conj/Pois      ###.......   99%         5    ####...
 Olgreb's Toxic Radiance  Pois           ###.....     90%         4    #......
 Lehudib's Crystal Spear  Conj/Erth      ###.......   100%        8    #######
 Fire Storm               Conj/Fire      ###.......   100%        9    #######
 Animate Dead             Necr           N/A          90%         4    #......
 Pain                     Necr           ###.         43%         1    None
 Animate Skeleton         Necr           N/A          43%         1    None
 Vampiric Draining        Necr           ###.......   65%         3    None
 Freeze                   Ice            ###.         43%         1    None
 Summon Ice Beast         Ice/Summ       ###.....     90%         4    #......
 Ozocubu's Armour         Chrm/Ice       ###.....     54%         3    None
 Poison Arrow             Conj/Pois      ###.......   100%        6    ######.
 Sting                    Conj/Pois      ###.         43%         1    None
 Summon Demon             Summ           ###.......   99%         5    ####...
 Shock                    Conj/Air       ###.         43%         1    None
 Swiftness                Chrm/Air       ###.....     41%         2    None
 Recall                   Summ/Tloc      N/A          65%         3    None
 Deflect Missiles         Chrm/Air       ###.......   100%        6    ######.
 Throw Icicle             Conj/Ice       ###.....     90%         4    #......
 Glaciate                 Conj/Ice       ###.......   100%        9    #######
 Airstrike                Air            ###.......   90%         4    #......
 Shadow Creatures         Summ           N/A          100%        6    ######.
 Confusing Touch          Hex            ###...       43%         1    None
 Metabolic Englaciation   Hex/Ice        ###.......   99%         5    ####...
 Silence                  Hex/Air        ###.......   99%         5    ####...
 Shatter                  Erth           ###.......   100%        9    #######
 Static Discharge         Conj/Air       ###.....     65%         3    None
 Corona                   Hex            ###....      43%         1    None
 Chain Lightning          Conj/Air       ###.......   100%        8    #######
 Portal Projectile        Hex/Tloc       ###...       65%         3    None
 Petrify                  Tmut/Erth      ######..     41%         4    #......
 Tornado                  Air            ###.......   100%        9    #######
 Leda's Liquefaction      Hex/Erth       ###.......   90%         4    #......
 Shroud of Golubria       Chrm/Tloc      ###.......   41%         2    None
 Inner Flame              Hex/Fire       ###.....     65%         3    None
 Aura of Abjuration       Summ           ###.......   99%         5    ####...
 Beastly Appendage        Tmut           ######       9%          1    None
 Infusion                 Chrm           ####         28%         1    None
 Song of Slaying          Chrm           ####....     32%         2    None
 Spectral Weapon          Hex/Chrm       ###.....     54%         3    None
 Discord                  Hex            ###.......   100%        8    #######
 Summon Forest            Summ/Tloc      ###.......   99%         5    ####...
 Summon Mana Viper        Hex/Summ       ###.....     99%         5    ####...
 Gell's Gravitas          Tloc           ###.......   65%         3    None
 Yara's Violent Unravell  Hex/Tmut       ######....   63%         5    ####...
 Poisonous Vapours        Pois/Air       ###...       52%         2    None
 Ignition                 Fire           ###.......   100%        8    #######


Dungeon Overview and Level Annotations

Branches:
Dungeon (15/15)            Temple (1/1) D:4            Lair (6/6) D:10
 Shoals (0/4) Lair:4       Spider (0/4) Lair:3        Slime (0/5) Lair:6
    Orc (2/2) D:12            Elf (2/3) Orc:2        Vaults (0/5) D:13
 Depths (0/5) D:15

Altars:
Ashenzari
Cheibriados
Dithmenos
Elyvilon
Fedhas
Gozag
Hepliaklqana
Kikubaaqudgha
Makhleb
Nemelex Xobeh
Okawaru
Qazlal
Ru
Sif Muna
Trog
Uskayaw
Vehumet
Wu Jian
Xom
Yredelemnul
Zin
The Shining One
Jiyva

Shops:
D:4 *   D:7 *   D:10 (   D:13 *   D:14 [   Orc:1 (   Orc:2 [[[(   Elf:2 *

Annotations:
D:4 Avalon's ghost, amateur DDFi
Lair:3 exclusion: ice statue


Innate Abilities, Weirdness & Mutations

You can spit globs of acid.
You are resistant to acid.
Your golden yellow scales are hard. (AC +9)
You cannot fit into any form of body armour.
You are frail. (-10% HP)
You have acidic saliva.
You are cold-blooded and may be slowed by cold attacks.
You cannot be stealthy.
You cannot study or use magical devices.
You are hated by all.
You have a pair of small antennae on your head.
You tend to lose your temper in combat.
Your mind is acute. (Int +2)
You occasionally shout uncontrollably at your foes.
Your spells are a little harder to cast, but a little more powerful.


Message History

The air elemental completely resists.
An air elemental comes into view.
The death drake is engulfed in spectral mist.
The death drake misses you.
The ghost crab breathes spectral mist at you.
The spectral mist engulfs you!
You take 9 damage, and have 13/128 hp.
Blink to where?
Press: ? - help, Dir - move target cursor
As you read the scroll of blinking, it crumbles to dust.
A fire crab comes into view.
* * * LOW HITPOINT WARNING * * *
You feel sick.
The air elemental is engulfed in spectral mist.
The spriggan air mage is engulfed in dark miasma.
The spriggan air mage is poisoned.
The spriggan air mage seems to slow down.
The spriggan air mage waves its arms in wide circles.
The air twists around and strikes you!
You die...

# # ###≈≈ ##+##
§.##≈ ##@..##
§..§§##
##§§.Z§##§.§§§.#
§#§E§§k§§##..§§##
#§§i§§Z§.Zt.§§.§#
§§#§§E§§§t#t.§§..#
§§§###§§§§§##§§k..##
§§§ ##§§§## §....#≈
.§ ##+## ...##≈
...#≈≈


You could see a death drake, 2 ghost crabs, a fire crab, a spriggan air mage, a
spectral shapeshifter, a spectral raiju, a spectral blood saint and 2 air
elementals.

Vanquished Creatures
  A fire giant (D:15)
  3 deep elf demonologists (Elf:1)
  A minotaur (Lab)
  A deep elf death mage (Elf:1)
  2 fire dragons (Lair:6)
  A blizzard demon (WizLab)
  Snorg (Orc:1)
  The ghost of Qupu the Cleaver, a journeyman MiBe of Trog (D:11)
  8 vault guards (D:13)
  A catoblepas (D:13)
  7 hydras
  2 centaur warriors
  An ogre mage (D:15)
  8 two-headed ogres
  5 orc high priests (Orc:2)
  2 tengu warriors (D:14)
  7 dancing weapons
  Urug (D:13)
  Sonja (D:10)
  A fire crab (WizLab)
  3 deep elf knights (Elf:1)
  7 skeletal warriors (D:15)
  3 unseen horrors
  A swamp dragon (Lair:6)
  5 deep elf archers (Elf:1)
  A lindwurm (Lair:6)
  7 orc knights
  14 deep elf magi
  4 manticores
  5 oklob plants (Lair:3)
  6 orc sorcerers
  17 ugly things
  2 centaur zombies
  2 cyclopes
  8 elephants
  4 black mambas
  6 torpor snails
  A guardian serpent (shapeshifter) (D:13)
  11 spiny frogs
  2 gargoyles
  A freezing wraith (D:14)
  10 komodo dragons
  6 rime drakes
  A jumping spider (shapeshifter) (Elf:1)
  A wind drake (WizLab)
  4 tyrant leeches (Lair:6)
  9 trolls
  8 hornets (Lair:6)
  6 slime creatures
  9 hippogriffs
  9 blink frogs
  An air elemental (WizLab)
  Sigmund (D:3)
  A vampire (D:15)
  A wyvern (D:12)
  3 water elementals (Elf:1)
  A wraith (D:13)
  8 basilisks
  39 yaks
  2 fire elementals
  Grum (D:10)
  A hungry ghost (D:10)
  3 steam dragons
  Edmund (D:4)
  6 wargs
  3 acid dragons
  7 porcupines
  6 water moccasins
  32 orc warriors
  4 ice beasts
  An eye of draining (shapeshifter) (Elf:1)
  3 black bears
  4 sky beasts
  4 wolves
  12 ogres
  4 phantoms
  A wolf (shapeshifter) (D:15)
  24 centaurs
  5 boggarts (D:15)
  21 crocodiles
  A big kobold (D:11)
  26 bullfrogs
  4 earth elementals
  A water moccasin zombie (D:11)
  A water moccasin skeleton (D:11)
  3 scorpions
  5 killer bees (D:11)
  2 vampire bats (D:5)
  7 wights (D:8)
  2 howler monkeys
  10 crimson imps
  An electric eel (Lair:3)
  3 bullfrog zombies
  22 orc priests
  35 orc wizards
  2 quasits
  Crazy Yiuf (D:7)
  2 bullfrog skeletons
  A gnoll shaman (Orc:2)
  3 centaur skeletons
  6 hounds
  3 jellies
  6 iguanas
  13 worker ants
  A killer bee zombie (D:6)
  A mummy (D:9)
  2 hound skeletons (D:6)
  A howler monkey zombie (D:7)
  4 worker ant zombies
  10 adders
  4 gnolls (Orc:2)
  4 shadow imps
  An adder zombie (D:6)
  3 adder skeletons
  2 worms
  4 dart slugs
  9 leopard geckos
  60 orcs
  15 bats
  3 giant cockroaches
  9 goblins
  11 hobgoblins
  14 jackals
  4 quokkas
  4 frilled lizards
  A jackal skeleton (D:5)
  8 kobolds
  A quokka skeleton (D:8)
  8 rats
  4 fungi
  7 plants
783 creatures vanquished.

Vanquished Creatures (collateral kills)
  The ghost of Juxi the Chopper, an amateur MiBe of Trog (D:3)
1 creature vanquished.

Vanquished Creatures (others)
  A spark wasp (WizLab)
  A hydra (Lair:6)
  A death drake (WizLab)
  A komodo dragon (Lair:6)
  A troll (D:12)
  A water moccasin (Lair:5)
  2 porcupines (D:10)
  A swamp drake (Lair:6)
  3 orcs
  2 bushes (D:15)
  37 fungi
  27 plants
78 creatures vanquished.

Grand Total: 862 creatures vanquished

Notes
Turn   | Place    | Note
-------+----------+-------------------------------------------
     0 | D:1      | namelastname112 the Draconian Transmuter began the quest for the Orb.
     0 | D:1      | Reached XP level 1. HP: 16/16 MP: 3/3
   184 | D:1      | Reached XP level 2. HP: 14/23 MP: 5/5
   334 | D:1      | Learned a level 2 spell: Sticks to Snakes
   432 | D:1      | Reached skill level 4 in Unarmed Combat
   497 | D:1      | Reached XP level 3. HP: 16/28 MP: 6/6
  1281 | D:2      | Reached XP level 4. HP: 28/35 MP: 7/7
  1286 | D:2      | Learned a level 3 spell: Spider Form
  1322 | D:2      | Reached skill level 5 in Unarmed Combat
  1355 | D:2      | Noticed a phantom
  1361 | D:2      | Killed a phantom
  1361 | D:2      | Reached XP level 5. HP: 9/41 MP: 3/8
  2551 | D:3      | Reached XP level 6. HP: 45/48 MP: 5/9
  2616 | D:3      | Noticed Juxi's ghost (amateur MiBe)
  2637 | D:3      | Killed Juxi's ghost
  2928 | D:3      | Noticed Sigmund
  2940 | D:3      | Killed Sigmund
  2940 | D:3      | Reached skill level 6 in Unarmed Combat
  2940 | D:3      | Your scales start taking on a golden yellow colour.
  2940 | D:3      | Reached XP level 7. HP: 51/56 MP: 8/11
  3128 | D:4      | Found an opulent altar of Gozag.
  3129 | D:4      | Found Duasah's Assorted Antiques.
  3239 | D:4      | Found a staircase to the Ecumenical Temple.
  3239 | D:4      | Noticed Avalon's ghost (amateur DDFi)
  3305 | D:4      | epen: !gkills .
  3307 | D:4      | beem: 35 kills by epen's ghost: 7x epen, Kidiri, Marenglen, Monsterracer, murphy, oplop, WhatIsLove, Yehuk, st0uf, namelastname112, brucemayne, Roxy, mistymad, Murumi, Aquadorian, Aviak, Azzok, ontamu, imganon, azzavlup, George, Tux, ThereIsNoGod, Shtopit, crawlian, beholder, tstbtto, Pr0man, Hipnos
  3430 | D:4      | namelastname112: !lg . killer=~epen's_ghost
  3430 | D:4      | beem: 1. namelastname112 the Sneak (L9 DrAs of Dithmenos), mangled by epen's ghost on D:8 on 2016-08-12 11:09:50, with 3614 points after 5755 turns and 0:33:14.
  3500 | D:4      | Noticed Edmund
  3517 | D:4      | Killed Edmund
  3836 | Temple   | Entered the Ecumenical Temple
  3940 | Temple   | Became a worshipper of Ru the Awakened
  4178 | D:4      | Found an ancient bone altar of Kikubaaqudgha.
  4390 | D:4      | Reached skill level 7 in Unarmed Combat
  4390 | D:4      | Reached XP level 8. HP: 53/66 MP: 13/13
  4410 | D:4      | Noticed a hippogriff
  4423 | D:4      | Killed a hippogriff
  4589 | D:5      | Entered Level 5 of the Dungeon
  4641 | D:5      | Found the +4 Vampire's Tooth {vamp}
  4698 | D:5      | Found a shimmering altar of Xom.
  5038 | D:5      | Found a stormy altar of Qazlal.
  5124 | D:5      | Reached skill level 8 in Unarmed Combat
  5144 | D:5      | Found a hide-covered altar of Uskayaw.
  5351 | D:6      | Gained mutation: You cannot study or use magical devices. [Ru sacrifice]
  5351 | D:6      | Reached * piety under Ru
  5351 | D:6      | Reached ** piety under Ru
  5369 | D:6      | Reached XP level 9. HP: 73/73 MP: 15/15
  5444 | D:6      | Reached skill level 5 in Transmutations
  5460 | D:6      | Reached skill level 5 in Fighting
  6448 | D:7      | Found a hazy altar of Hepliaklqana.
  6562 | D:7      | Found a runed door.
  6817 | D:7      | Reached skill level 5 in Dodging
  6817 | D:7      | Reached skill level 9 in Unarmed Combat
  6817 | D:7      | Reached skill level 5 in Spellcasting
  6851 | D:7      | Found Ceosatzo's Assorted Antiques.
  6859 | D:7      | Bought 3 scrolls labeled GOATSUFYGA for 84 gold pieces
  7070 | D:7      | Noticed Crazy Yiuf
  7076 | D:7      | Killed Crazy Yiuf
  7184 | D:8      | Found a glowing silver altar of Zin.
  7240 | D:8      | Noticed a two-headed ogre
  7548 | D:8      | Killed a two-headed ogre
  7548 | D:8      | Reached XP level 10. HP: 64/83 MP: 11/18
  8106 | D:8      | Found a glowing golden altar of the Shining One.
  8382 | D:9      | Gained mutation: You are frail. (-10% HP) [Ru sacrifice]
  8382 | D:9      | Reached *** piety under Ru
  8382 | D:9      | Reached **** piety under Ru
  8382 | D:9      | Reached ***** piety under Ru
  8395 | D:9      | Found a snail-covered altar of Cheibriados.
  8489 | D:9      | Reached skill level 10 in Unarmed Combat
  8766 | D:9      | Learned a level 4 spell: Ice Form
  8781 | D:9      | Learned a level 5 spell: Blade Hands
  8854 | D:9      | Found a shattered altar of Ashenzari.
  9520 | D:10     | Entered Level 10 of the Dungeon
  9520 | D:10     | Found Vuavom's Antique Weapon Shoppe.
  9526 | D:10     | Noticed a gargoyle
  9716 | D:10     | Noticed Sonja
  9720 | D:10     | Noticed Grum
  9726 | D:9      | Killed a gargoyle
  9867 | D:10     | Killed Grum
  9886 | D:10     | HP: 3/77 [poisoned by Sonja (curare-tipped needle)]
  9893 | D:10     | HP: 2/77 [poisoned by Sonja (curare-tipped needle)]
  9901 | D:10     | HP: 2/77 [poisoned by Sonja (curare-tipped needle)]
 10310 | D:10     | You fall through a shaft!
 10399 | D:10     | Reached XP level 11. HP: 67/82 MP: 20/20
 10529 | D:10     | Found a staircase to the Lair.
 10609 | D:10     | Killed Sonja
 10609 | D:10     | Reached skill level 11 in Unarmed Combat
 10972 | D:10     | Gained mutation: You tend to lose your temper in combat. [potion of mutation]
 10972 | D:10     | Gained mutation: You are very frail. (-20% HP) [potion of mutation]
 10972 | D:10     | Gained mutation: You have a pair of small antennae on your head. [potion of mutation]
 10972 | D:10     | Gained mutation: You expend magic power (3 MP) to strengthen your wands. [potion of mutation]
 11251 | D:11     | Noticed an eight-headed hydra
 11699 | D:11     | Noticed Qupu's ghost (journeyman MiBe)
 11748 | Lair:1   | Entered Level 1 of the Lair of Beasts
 13220 | Lair:2   | Noticed a four-headed hydra
 13233 | Lair:2   | Killed a four-headed hydra
 13233 | Lair:2   | Reached skill level 12 in Unarmed Combat
 13557 | Lair:2   | Reached XP level 12. HP: 47/82 MP: 10/23
 13888 | Lair:2   | Found the +2 cloak of the Thief {+Fog Slay-2 SInv Stlth+}
 13968 | Lair:2   | Noticed a four-headed hydra
 14261 | Lair:2   | Killed a four-headed hydra
 14978 | Lair:3   | Found a hole to the Spider Nest.
 15457 | Lair:3   | Reached skill level 13 in Unarmed Combat
 16023 | Lair:3   | Found the +3 giant club "Skullcrusher" {speed, Str+7}
 16273 | Lair:4   | Found a staircase to the Shoals.
 16655 | Lair:4   | Noticed a five-headed hydra
 16666 | Lair:4   | Killed a five-headed hydra
 17028 | Lair:5   | Gained mutation: You are hated by all. [Ru sacrifice]
 17088 | Lair:5   | Reached XP level 13. HP: 90/90 MP: 17/25
 17936 | Lair:6   | Entered Level 6 of the Lair of Beasts
 18028 | Lair:6   | Reached skill level 10 in Fighting
 19537 | Lair:6   | Found a viscous altar of Jiyva.
 19543 | Lair:6   | Found a staircase to the Slime Pits.
 19676 | Lair:6   | Gained mutation: You cannot be stealthy. [Ru sacrifice]
 19676 | Lair:6   | Reached ****** piety under Ru
 19976 | Lair:6   | Reached skill level 14 in Unarmed Combat
 20736 | Lair:6   | Noticed a fire dragon
 20751 | Lair:6   | Killed a fire dragon
 20751 | Lair:6   | Reached skill level 10 in Transmutations
 21030 | Lair:6   | Found a runed door.
 21042 | Lair:6   | Noticed a fire dragon
 21050 | Lair:6   | Killed a fire dragon
 21127 | Lair:6   | Paralysed by a hornet for 3 turns
 21428 | Lair:6   | Lost mutation: You are very frail. (-20% HP) [potion of mutation]
 21428 | Lair:6   | Lost mutation: You expend magic power (3 MP) to strengthen your wands. [potion of mutation]
 21428 | Lair:6   | Gained mutation: Your spells are a little harder to cast, but a little more powerful. [potion of mutation]
 21428 | Lair:6   | Gained mutation: You occasionally shout uncontrollably at your foes. [potion of mutation]
 21428 | Lair:6   | Gained mutation: Your mind is acute. (Int +2) [potion of mutation]
 22013 | D:11     | Killed Qupu's ghost
 22139 | D:11     | Gained mutation: You have acidic saliva. [Yellow Draconian growth]
 22139 | D:11     | Reached XP level 14. HP: 86/109 MP: 22/27
 23341 | D:12     | Found a staircase to the Orcish Mines.
 23905 | D:12     | namelastname112: ??famous_last_messages
 23905 | D:12     | beem: famous last messages[1/24]: You are too berserk!
 23905 | D:12     | namelastname112: ??famous_last_messages [2
 23905 | D:12     | beem: famous last messages[2/24]: You are too confused!
 23905 | D:12     | namelastname112: ??famous_last_messages [3
 23905 | D:12     | beem: famous last messages[3/24]: You can't drink.
 24153 | D:13     | Noticed Urug
 24165 | D:13     | Killed Urug
 24171 | D:13     | Found a gate to the Vaults.
 24236 | D:13     | Found a labyrinth entrance.
 24240 | Lab      | Entered a labyrinth
 24558 | Lab      | Reached skill level 10 in Spellcasting
 24897 | D:13     | Reached skill level 10 in Dodging
 25194 | D:13     | Reached skill level 15 in Unarmed Combat
 25574 | D:13     | Found Fiuru's General Store.
 26197 | D:14     | Found Raug Jiq's Armour Shop.
 26774 | D:15     | Entered Level 15 of the Dungeon
 26948 | D:15     | Reached XP level 15. HP: 75/118 MP: 24/29
 27209 | D:15     | Found a staircase to the Depths.
 27210 | D:15     | Noticed a fire giant
 27249 | D:15     | Killed a fire giant
 28122 | D:15     | Learned a level 3 spell: Regeneration
 28140 | D:15     | Got a translucent granite ring
 28760 | Orc:1    | Entered Level 1 of the Orcish Mines
 28883 | Orc:1    | Noticed Snorg
 28897 | Orc:1    | Killed Snorg
 29087 | Orc:2    | Entered Level 2 of the Orcish Mines
 29291 | Orc:2    | Found a staircase to the Elven Halls.
 29604 | Orc:2    | Found Xuluv's Weapon Emporium.
 29604 | Orc:2    | Found Ekhavaux's Antique Armour Emporium.
 29606 | Orc:2    | Found Roloeh's Armour Shop.
 29606 | Orc:2    | Found Xoeff's Armour Shop.
 29926 | Orc:2    | Bought a +1 pair of boots of running for 438 gold pieces
 30206 | Orc:1    | Found Vilupica's Weapon Emporium.
 30389 | Elf:1    | Entered Level 1 of the Elven Halls
 31083 | Elf:1    | Reached skill level 1 in Charms
 31151 | Elf:1    | Reached XP level 16. HP: 128/128 MP: 31/31
 31195 | Elf:1    | Reached skill level 16 in Unarmed Combat
 31683 | Elf:1    | Identified a scroll of acquirement
 31697 | Elf:1    | Identified the cursed ring "Ephuocsi" {rElec rF+ rN++ MR- AC-4} (You took it off a crimson imp on level 15 of the Dungeon)
 31777 | Elf:2    | Found Osaax's General Store.
 32084 | Elf:2    | Found a magical portal.
 32111 | WizLab   | Entered The Chambers of the Cloud Mage
 32118 | WizLab   | epen: https://www.youtube.com/watch?v=-0ZtACHdrXQ
 32123 | WizLab   | HP: 4/129 [spark wasp (14)]
 32128 | WizLab   | Killed from afar by a spriggan air mage

Vault maps used:
D:1:      dpeg_arrival_shelter, minmay_split_cup_large
D:2:      grunt_ministairs_13
D:3:      first_ration, uniq_sigmund
D:4:      kiku_gazebo_pond_becter, nicolae_gozag_seed_capital,
          minmay_temple_entry_glass, serial_shops, shop, minmay_misc_feat_rows,
          uniq_edmund
D:5:      kennysheep_little_box, nicolae_overflow_crystal_walls, basic_altar,
          minmay_guarded_unrand_vampires_tooth
D:6:      grunt_decor_clamped
D:7:      lemuel_doored_altar, serial_shops, shop, uniq_crazy_yiuf_cottage
D:8:      nicolae_tso_swordbearing_angel, zin_statuary
D:9:      evilmike_ruin_ashenzari, slow_altar_1
D:10:     due_lair_maze_entry_diamond, serial_shops, nicolae_shop_statue_plus,
          uniq_sonja, uniq_grum
D:12:     orc_0_dummy
D:13:     erik_vaults_2, serial_shops, nicolae_shop_competitors_out_of_business,
          lab_entry_generic, uniq_urug
D:14:     serial_shops, shop_fountains, solitary_fountain
D:15:     grunt_enter_depths_giant_problem, serial_park_square1
Temple:   dshaligram_water_room_temple
Lair:2:   serial_bayou_shore_b
Lair:3:   statuecave_lemuel, spider_nest_entry_web_field,
          minmay_lair_oklob_chamber, grunt_megastairs_2
Lair:4:   minmay_shoals_entry_centaurs
Lair:6:   guppyfry_lair_end_dragon, wormcave, slime_altar_1,
          infiniplex_staircase_pool_2, grunt_megastairs_1
Orc:1:    serial_shops, shop, uniq_snorg
Orc:2:    st_orc_elflike, nicolae_orc_crystal_geode
Elf:1:    minmay_elf_arrival_circle, orc_legates
Elf:2:    serial_shops, shop_statue, lightli_enter_wizlab_magi_temple,
          st_stairs_3, uniq_roxanne
Lab:      nicolae_lab_arrow, lab_statue, nicolae_lab_big_swirl
WizLab:   wizlab_cloud

Skill      XL: |  1  2  3  4  5  6  7  8  9 10 11 12 13 14 15 16 |
---------------+-------------------------------------------------+-----
Unarmed Combat | 4 5 6 7 8 9 10 12 13 14 15 16 | 16.0
Dodging        | 2 3 4 5 6 7 8 9 10 11 | 11.6
Fighting       | 2 3 4 6 7 8 9 10 12 13 | 13.2
Transmutations | 3 4 6 7 8 9 10 11 12 | 12.5
Spellcasting   | 3 4 5 6 7 8 9 10 11 | 11.6
Charms         | 1 3 |  3.4

Action                   |  1- 3 |  4- 6 |  7- 9 | 10-12 | 13-15 | 16-18 || total
-------------------------+-------+-------+-------+-------+-------+-------++-------
Melee: Short sword       |   104 |    24 |       |       |       |       ||   128
       Unarmed           |     7 |   123 |   442 |   665 |  1233 |    76 ||  2546
       Tailslap          |     8 |     8 |    36 |    85 |   127 |     4 ||   268
       Punch             |     2 |       |     8 |    36 |    65 |     5 ||   116
       Headbutt          |       |       |     2 |       |       |       ||     2
       Bite              |       |       |       |       |    83 |     8 ||    91
 Cast: Sticks to Snakes  |       |     5 |    24 |    17 |     5 |       ||    51
       Spider Form       |       |     3 |    17 |     7 |     6 |       ||    33
       Beastly Appendage |       |       |     1 |       |       |       ||     1
       Blade Hands       |       |       |       |    34 |    70 |     5 ||   109
       Ice Form          |       |       |       |     4 |     5 |       ||     9
Invok: Sacrifice Artific |       |       |     1 |       |       |       ||     1
       Sacrifice Health  |       |       |       |     1 |       |       ||     1
       Power Leap        |       |       |       |     3 |       |       ||     3
       Draw Out Power    |       |       |       |     2 |    17 |     1 ||    20
       Reject Sacrifices |       |       |       |     1 |       |       ||     1
       Apocalypse        |       |       |       |     1 |     4 |     2 ||     7
       Sacrifice Love    |       |       |       |     1 |       |       ||     1
       Sacrifice Stealth |       |       |       |       |     1 |       ||     1
 Abil: Breathe Acid      |       |       |     8 |     4 |    13 |       ||    25
       End Transformatio |       |       |       |     1 |       |       ||     1
  Use: Potion            |       |     2 |       |     5 |     2 |     5 ||    14
       Scroll            |       |       |    11 |    10 |     3 |    10 ||    34
 Stab: Sleeping          |     1 |     1 |     1 |     3 |     2 |       ||     8
       Distracted        |       |     2 |       |     6 |     6 |     2 ||    16
       Invisible         |       |       |     3 |     6 |    12 |       ||    21
       Paralysed         |       |       |       |    11 |    26 |       ||    37
       Petrified         |       |       |       |       |     4 |       ||     4
       Petrifying        |       |       |       |       |     2 |       ||     2
  Eat: Chunk             |     1 |     6 |    15 |    19 |    25 |     2 ||    68
       Ration            |       |       |     1 |     8 |    10 |     1 ||    20
Armor: Skin              |    34 |    54 |   101 |    95 |   146 |    11 ||   441
Dodge: Dodged            |    81 |    77 |   375 |   541 |   987 |    55 ||  2116

Table legend:
 A = Spawn XP
 B = Non-spawn XP
 C = Spawn XP percentage of total XP
 D = Spawn monster count
 E = Non-spawn monster count
 F = Spawn count percentage of total count
 G = Total turns spent on level
                    A         B        C        D         E        F      G
               +---------+---------+-------+---------+---------+-------+---------
         Total |       0 |  171595 |   0.0 |       0 |     779 |   0.0 | 32128
               +---------+---------+-------+---------+---------+-------+---------
           D:1 |       0 |      53 |   0.0 |       0 |      30 |   0.0 |  1011
           D:2 |       0 |     244 |   0.0 |       0 |      21 |   0.0 |   995
           D:3 |       0 |     492 |   0.0 |       0 |      28 |   0.0 |  1356
           D:4 |       0 |     972 |   0.0 |       0 |      14 |   0.0 |  1102
           D:5 |       0 |     840 |   0.0 |       0 |      27 |   0.0 |   667
           D:6 |       0 |     993 |   0.0 |       0 |      27 |   0.0 |   662
           D:7 |       0 |     766 |   0.0 |       0 |      17 |   0.0 |  1230
           D:8 |       0 |    2288 |   0.0 |       0 |      18 |   0.0 |  1213
           D:9 |       0 |    3080 |   0.0 |       0 |      32 |   0.0 |  1475
          D:10 |       0 |    3592 |   0.0 |       0 |      28 |   0.0 |  1622
          D:11 |       0 |    6707 |   0.0 |       0 |      51 |   0.0 |  1351
          D:12 |       0 |    3027 |   0.0 |       0 |      24 |   0.0 |  1247
          D:13 |       0 |   17324 |   0.0 |       0 |      52 |   0.0 |  1384
          D:14 |       0 |    7697 |   0.0 |       0 |      25 |   0.0 |   700
          D:15 |       0 |   25954 |   0.0 |       0 |      60 |   0.0 |  1907
        Lair:1 |       0 |    5927 |   0.0 |       0 |      25 |   0.0 |  1462
        Lair:2 |       0 |    8672 |   0.0 |       0 |      29 |   0.0 |  1428
        Lair:3 |       0 |    6211 |   0.0 |       0 |      25 |   0.0 |  1603
        Lair:4 |       0 |    2470 |   0.0 |       0 |      11 |   0.0 |   820
        Lair:5 |       0 |    4340 |   0.0 |       0 |      15 |   0.0 |  1423
        Lair:6 |       0 |   20615 |   0.0 |       0 |      60 |   0.0 |  3348
         Orc:1 |       0 |    2486 |   0.0 |       0 |      18 |   0.0 |   518
         Orc:2 |       0 |   13670 |   0.0 |       0 |      74 |   0.0 |  1109
         Elf:1 |       0 |   22065 |   0.0 |       0 |      46 |   0.0 |  1364
         Elf:2 |       0 |    5097 |   0.0 |       0 |       9 |   0.0 |   358
           Lab |       0 |    2296 |   0.0 |       0 |       7 |   0.0 |   631
        WizLab |       0 |    3717 |   0.0 |       0 |       6 |   0.0 |    17
               +---------+---------+-------+---------+---------+-------+---------
